 Dungeon Crawl Stone Soup version 0.23-a0-164-g7711e57 (webtiles) character file.

68 Amnesiac the Chiller (level 4, 0/32 HPs)
             Began as a Mummy Ice Elementalist on Sept 9, 2018.
             Slain by a hobgoblin zombie (3 damage)
             ... on level 4 of the Dungeon.
             The game lasted 00:03:11 (1352 turns).

Amnesiac the Chiller (Mummy Ice Elementalist)       Turns: 1352, Time: 00:03:11

Health: 0/32       AC:  3    Str: 11    XL:     4   Next: 1%
Magic:  2/9        EV: 12    Int: 15    God:
Gold:   81         SH:  0    Dex: 12    Spells: 6/10 levels left

rFire    x . .     SeeInvis .   (no weapon)
rCold    + . .     Gourm    .   (no shield)
rNeg     + + +     Faith    .   a - +1 robe
rPois    ∞         Spirit   .   (no helmet)
rElec    .         Reflect  .   (no cloak)
rCorr    .         Harm     .   (no gloves)
MR       .....     Rnd*Tele +   (no boots)
Stlth    ++........             (no amulet)
HPRegen  0.10/turn              e - ring of teleportation (curse)
MPRegen  0.11/turn              (no ring)

@: no status effects
A: no food or potions, fire vulnerability, cold resistance 1, negative energy
resistance 3, torment resistance, unbreathing
a: no special abilities


You were on level 4 of the Dungeon.
You were not hungry.

You visited 1 branch of the dungeon, and saw 5 of its levels.
You also visited: Ossuary.

You collected 81 gold pieces.

Inventory:

Armour
 a - a +1 robe (worn)
Jewellery
 e - a cursed ring of teleportation (left hand)
Scrolls
 d - a scroll of blinking {!r}


   Skills:
 - Level 1.1 Fighting
 - Level 1.5 Dodging
 - Level 1.5 Stealth
 + Level 3.5 Spellcasting
   Level 0.7 Conjurations
 * Level 3.5 Ice Magic


You had 6 spell levels left.
You knew the following spells:

 Your Spells              Type           Power        Failure   Level  Hunger
a - Freeze                Ice            ##..         4%          1    N/A
z - Ozocubu's Armour      Chrm/Ice       #.......     28%         3    N/A

Your spell library contained the following spells:

 Spells                   Type           Power        Failure   Level  Hunger
 Throw Frost              Conj/Ice       #.....       12%         2    N/A
 Throw Icicle             Conj/Ice       #.......     61%         4    N/A
 Summon Ice Beast         Ice/Summ       #.......     67%         4    N/A

Dungeon Overview and Level Annotations

Branches:
Dungeon (5/15)
 Temple: D:4-7

Altars:
Nemelex Xobeh


Innate Abilities, Weirdness & Mutations

You do not eat or drink.
Your flesh is vulnerable to fire.
You are immune to poison.
Your flesh is cold resistant. (rC+)
You are immune to negative energy. (rN+++)
You are immune to unholy pain and torment.
You can survive without breathing.


Message History

3 zombies come into view.
The adder zombie misses you.
A rat zombie comes into view.
The adder zombie misses you.
The big kobold zombie closely misses you.
The quokka zombie bites you.
* * * LOW HITPOINT WARNING * * *
The quokka zombie bites you but does no damage.
The adder zombie bites you.
* * * LOW HITPOINT WARNING * * *
The goblin zombie hits you but does no damage.
There is a gate leading back out of this place here.
The goblin zombie barely misses you.
Welcome back to the Dungeon!
The leopard gecko bites you.
* * * LOW HITPOINT WARNING * * *
There is a collapsed entrance here.
Okay, then.
Casting: Freeze (safe; 4% risk of failure)
Confirm with . or Enter, or press ? or * to list all spells.
Aiming: Freeze (safe; 4% risk of failure)
Press: ? - help, Shift-Dir - straight line, f - leopard gecko
Aim: a leopard gecko (clinging)
You freeze the leopard gecko.
The leopard gecko seems to slow down.
The leopard gecko is almost dead.
The leopard gecko closely misses you.
Casting: Freeze (safe; 4% risk of failure)
Confirm with . or Enter, or press ? or * to list all spells.
Aiming: Freeze (safe; 4% risk of failure)
Press: ? - help, Shift-Dir - straight line, f/p - leopard gecko
Aim: a leopard gecko (almost dead, slow, clinging)
You freeze the leopard gecko.
You kill the leopard gecko!
Casting: Freeze (safe; 4% risk of failure)
Confirm with . or Enter, or press ? or * to list all spells.
Aiming: Freeze (safe; 4% risk of failure)
Press: ? - help, Shift-Dir - straight line, f - orc
Aim: an orc You freeze the orc.
The orc is lightly wounded.
The orc barely misses you.
Casting: Freeze (safe; 4% risk of failure)
Confirm with . or Enter, or press ? or * to list all spells.
Aiming: Freeze (safe; 4% risk of failure)
Press: ? - help, Shift-Dir - straight line, f/p - orc
Aim: an orc (lightly wounded)
You freeze the orc.
The orc is heavily wounded.
The orc misses you.
Casting: Freeze (safe; 4% risk of failure)
Confirm with . or Enter, or press ? or * to list all spells.
Aiming: Freeze (safe; 4% risk of failure)
Press: ? - help, Shift-Dir - straight line, f/p - orc
Aim: an orc (heavily wounded)
You freeze the orc.
You kill the orc!
You have reached level 4!
You hit the hobgoblin zombie.
The hobgoblin zombie is moderately damaged.
The hobgoblin zombie hits you.
* * * LOW HITPOINT WARNING * * *
You hit the hobgoblin zombie.
The hobgoblin zombie is severely damaged.
The hobgoblin zombie hits you.
You die...

##..................... ##.
......###.............
##..######
....#..###......<...#
..........#
$..................#
........O.# ........$...#
#.........#
.........o###+###.......(#
####.....l.#.l.....#.......>
.......#..###.....###..(....
##.....o##@##...##.##....$.
#......###Z###.###'###.....
#.........o....†...........
.......##....####...........
.....>. ###..# #..........)
###.... ##..# ##..........
#.... ....[............
#.... .................
..... #.................


You could see an orc and a hobgoblin zombie.

Vanquished Creatures
  A worker ant (D:5)
  An adder (D:2)
  An ooze (D:1)
  A dart slug (D:1)
  2 leopard geckos
  An orc (D:4)
  A bat (D:1)
  A giant cockroach (D:2)
  2 goblins (D:2)
  A hobgoblin (D:1)
  6 jackals
  2 frilled lizards
  2 kobolds
  3 rats
25 creatures vanquished.

Notes
Turn   | Place    | Note
-------+----------+-------------------------------------------
     0 | D:1      | Amnesiac the Mummy Ice Elementalist began the quest for the
                  | Orb.
     0 | D:1      | Reached XP level 1. HP: 13/13 MP: 4/4
   175 | D:1      | Reached XP level 2. HP: 12/20 MP: 0/5
   884 | D:2      | Reached skill level 1 in Fighting
   884 | D:2      | Reached XP level 3. HP: 18/26 MP: 3/7
   909 | D:2      | Learned a level 3 spell: Ozocubu's Armour
   947 | D:2      | Found a sparkling altar of Nemelex Xobeh.
  1031 | D:5      | Entered Level 5 of the Dungeon
  1108 | D:4      | Noticed an ogre
  1132 | D:4      | Found a sand-covered staircase.
  1152 | Ossuary  | Entered an ossuary
  1350 | D:4      | Reached XP level 4. HP: 5/32 MP: 2/9
  1352 | D:4      | Slain by a hobgoblin zombie

Vault maps used:
D:1:      nzn_arrival_settlement, minmay_misc_feat_hallway,
          kennysheep_pointless_box
D:2:      nemelex_xobeh_ov_fountains_minmay,
          chequers_temple_overflow_minitemple, first_ration
D:3:      corexii_leaking_fountain, uniq_sigmund, uniq_natasha
D:4:      nicolae_ossuary_entry_giza, serial_shops, shop, uniq_grinder
D:5:      serial_shops, shop_coins, minmay_fire_ice_demons, uniq_ijyb
Ossuary:  minmay_ossuary_two_tombs

Skill      XL: |  1  2 |
---------------+-------+-----
Ice Magic      | 3 |  3.5
Spellcasting   | 3 |  3.5
Fighting       | 1 |  1.1
Dodging        | |  1.5
Stealth        | |  1.5
Conjurations   | |  0.7

Action                   |  1- 3 |  4- 6 || total
-------------------------+-------+-------++-------
Melee: Unarmed           |     6 |     2 ||     8
 Cast: Freeze            |    54 |     1 ||    55
  Use: Scroll            |     3 |       ||     3
Armor: Robe              |    23 |       ||    23
Dodge: Dodged            |    80 |       ||    80

Table legend:
 A = Non-vault XP
 B = Vault XP
 C = Vault XP percentage of total XP
 D = Non-vault monster count
 E = Vault monster count
 F = Vault count percentage of total count
                 A         B        C        D         E       F
            +---------+---------+-------+---------+---------+-------
      Total |      98 |       0 |   0.0 |      25 |       0 |   0.0
            +---------+---------+-------+---------+---------+-------
        D:1 |      18 |       0 |   0.0 |       7 |       0 |   0.0
        D:2 |      28 |       0 |   0.0 |      10 |       0 |   0.0
        D:3 |       1 |       0 |   0.0 |       1 |       0 |   0.0
        D:4 |      12 |       0 |   0.0 |       5 |       0 |   0.0
        D:5 |      39 |       0 |   0.0 |       2 |       0 |   0.0
            +---------+---------+-------+---------+---------+-------
